 Dungeon Crawl Stone Soup version 0.19.4 (webtiles) character file.

7247 Jerry the Grappler (level 10, -3/102 HPs)
             Began as a Troll Monk on Jan 30, 2017.
             Slain by a troll (8 damage)
             ... on level 10 of the Dungeon.
             The game lasted 00:27:12 (8565 turns).

Jerry the Grappler (Troll Monk)                     Turns: 8565, Time: 00:27:13

Health: -3/102     AC:  7    Str: 27    XL:     10   Next: 88%
Magic:  6/9        EV: 14    Int:  6    God:
Gold:   394        SH:  3    Dex: 15    Spells: 3 memorised, 5 levels left

rFire  + + .     SeeInvis .       - Unarmed
rCold  . . .     Gourm    +     F - +2 robe of the Trees {Regen+}
rNeg   . . .     Faith    .     (no shield)
rPois  .         Spirit   .     (helmet restricted)
rElec  .         Reflect  +     (no cloak)
rCorr  .         Harm     .     (gloves unavailable)
MR     .....                    (boots unavailable)
Stlth  ++........               y - amulet "Xufoticike" {Reflect rF++ Str+3 SH+3}
                                E - +3 ring of strength
                                l - ring of wizardry

@: confusing touch (expiring), very slightly contaminated, repel missiles
A: unfitting armour, claws 3, fast metabolism 3, gourmand, regeneration 1,
shaggy fur 1, tough skin 2
a: no special abilities


You were on level 10 of the Dungeon.
You were very full.

You visited 2 branches of the dungeon, and saw 11 of its levels.

You collected 678 gold pieces.
You spent 284 gold pieces at shops.

Inventory:

Armour
 D - a +1 robe of resistance
 F - the +2 robe of the Trees (worn) {Regen+}
   (You bought it in a shop on level 10 of the Dungeon)

   It increases your rate of regeneration.
Jewellery
 a - an uncursed ring of flight
 l - a ring of wizardry (left claw)
 s - an uncursed ring of resist corrosion
 u - an uncursed ring of fire {unknown}
 y - the amulet "Xufoticike" (around neck) {Reflect rF++ Str+3 SH+3}
   (You found it on level 6 of the Dungeon)

   [amulet of reflection]

   It shields you and reflects attacks.
   It affects your strength (+3).
   It greatly protects you from fire.
   It affects your SH (+3).
 E - a +3 ring of strength (right claw)
Wands
 x - a wand of paralysis (15/24)
Scrolls
 d - a scroll of identify
 e - a scroll of fear {unknown}
 f - 2 scrolls of teleportation
 m - 3 scrolls of amnesia {unknown}
 o - a scroll of blinking {unknown}
 p - 4 scrolls of enchant weapon
 q - 3 scrolls of recharging
 r - 2 scrolls of enchant armour {unknown}
 A - 2 scrolls of remove curse
 G - a scroll of silence {unknown}
 I - a scroll of holy word {unknown}
Potions
 c - 4 potions of heal wounds
 i - 5 potions of curing
 j - 3 potions of haste {unknown}
 v - 2 potions of brilliance {unknown}
 w - a potion of mutation {unknown}
 z - a potion of lignification {unknown}
Books
 h - a book of Cantrips

   Spells                             Type                      Level
   a - Confusing Touch                Hexes                        1
   b - Animate Skeleton               Necromancy                   1
   c - Summon Small Mammal            Summoning                    1
   d - Apportation                    Translocation                1
 k - a book of Air

   Spells                             Type                      Level
   a - Shock                          Conjuration/Air              1
   b - Swiftness                      Charms/Air                   2
   c - Repel Missiles                 Charms/Air                   2
   d - Static Discharge               Conjuration/Air              3
   e - Lightning Bolt                 Conjuration/Air              5
Comestibles
 b - 11 bread rations
 g - 6 meat rations
 n - a beef jerky
 t - 2 slices of pizza
 B - a royal jelly
 C - 2 fruits
 H - 7 chunks of flesh


   Skills:
 + Level 7.4 Fighting
 + Level 7.6 Dodging
 - Level 1.0 Stealth
 * Level 12.0 Unarmed Combat


You had 5 spell levels left.
You knew the following spells:

 Your Spells              Type           Power        Failure   Level  Hunger
a - Animate Skeleton      Necr           N/A          24%         1    ##.....
b - Confusing Touch       Hex            #.....       24%         1    ##.....
c - Repel Missiles        Chrm/Air       #.....       43%         2    ###....


Dungeon Overview and Level Annotations

Branches:
Dungeon (10/15)            Temple (1/1) D:6            Lair (0/6) D:10
    Orc (0/2) D:10

Altars:
Ashenzari
Cheibriados
Dithmenos
Elyvilon
Fedhas
Gozag
Hepliaklqana
Kikubaaqudgha
Makhleb
Nemelex Xobeh
Okawaru
Qazlal
Ru
Sif Muna
Trog
Uskayaw
Vehumet
Xom
Yredelemnul
Zin
The Shining One

Shops:
D:5 %   D:6 [   D:10 [


Innate Abilities, Weirdness & Mutations

You are too large for most types of armour.
You have claws for hands.
Your metabolism is lightning-fast.
You like to eat raw meat.
Your natural rate of healing is unusually fast.
You are covered in fur. (AC +1)
You have very tough skin. (AC +2)


Message History

You scratch the troll.
The troll is almost dead.
The troll bites you! The troll claws you!
* * * LOW HITPOINT WARNING * * *
The troll claws you.
* * * LOW HITPOINT WARNING * * *
You scratch the troll but do no damage. Your claw misses the troll.
The troll is almost dead.
The troll bites you!
* * * LOW HITPOINT WARNING * * *
The troll barely misses you. The troll misses you.
You mangle the troll!!
You kill the troll!
Your Unarmed Combat skill increases to level 12!
Casting: Confusing Touch
Confirm with . or Enter, or press ? or * to list all spells.
Your claws begin to glow red.
The troll bites you!
* * * LOW HITPOINT WARNING * * *
The troll completely misses you. The troll claws you!
You die...

.............≈≈≈≈≈≈≈....#
.............≈≈≈≈≈≈≈....#
.............≈≈≈≈≈≈≈....#
+########....≈####≈≈..!.##
.#### #....≈#.?#≈≈.....####
....#####....≈#..#≈≈.........
.............≈#.T#≈≈.....#
.............≈##T#≈≈.....#
.............≈≈≈@≈≈≈.....#
....####.................#
)#######.....≈≈≈.≈≈≈.....#
......###....≈≈#+##≈.....#
......# #....≈≈# #≈.....#
......# #....≈≈# #≈....##
......# #....≈≈# #≈....#
>.....# #....≈≈####≈....#
......# #....≈≈≈≈≈≈≈....#


You could see 2 trolls.

Vanquished Creatures
  A deep troll (D:10)
  The ghost of kwasso the Covered, an amateur FoFi of Nemelex Xobeh (D:4)
  2 trolls (D:10)
  A two-headed ogre (D:10)
  4 yaks (D:10)
  3 water moccasins
  Duvessa (D:7)
  2 ice beasts
  5 orc warriors
  3 black bears
  6 centaurs
  6 ogres
  3 phantoms
  5 crocodiles
  3 bullfrogs
  Dowan (D:7)
  A wyvern skeleton (D:6)
  2 scorpions (D:10)
  A water moccasin skeleton (D:6)
  8 killer bees
  A howler monkey (D:9)
  3 electric eels (D:10)
  A centaur zombie (D:8)
  A crimson imp (D:5)
  4 jellies
  3 centaur skeletons
  4 hounds
  3 orc priests
  9 orc wizards
  2 bullfrog skeletons
  6 iguanas
  3 worker ants
  A killer bee zombie (D:5)
  A worker ant zombie (D:10)
  12 adders
  3 gnolls (D:8)
  3 river rats (D:10)
  2 shadow imps
  2 oozes
  6 worms
  4 dart slugs
  5 leopard geckos
  29 orcs
  8 giant cockroaches
  7 goblins
  7 hobgoblins
  A jackal (D:4)
  10 kobolds
  2 quokkas
  A ball python (D:4)
  17 bats
  5 frilled lizards
  A leopard gecko skeleton (D:4)
  A leopard gecko zombie (D:7)
  17 rats
244 creatures vanquished.

Vanquished Creatures (collateral kills)
  An orc warrior (D:10)
  An ogre (D:9)
  A jelly (D:10)
  A river rat (D:10)
  3 orcs (D:10)
  A bat (D:10)
8 creatures vanquished.

Vanquished Creatures (others)
  A fungus (D:10)
1 creature vanquished.

Grand Total: 253 creatures vanquished

Notes
Turn   | Place    | Note
-------+----------+-------------------------------------------
     0 | D:1      | Jerry the Troll Monk began the quest for the Orb.
     0 | D:1      | Reached XP level 1. HP: 22/22 MP: 0/0
   101 | D:1      | Reached XP level 2. HP: 27/29 MP: 1/1
   459 | D:1      | Reached XP level 3. HP: 36/36 MP: 2/2
  1013 | D:2      | Found an opulent altar of Gozag.
  1026 | D:2      | Reached XP level 4. HP: 39/44 MP: 3/3
  1082 | D:2      | Reached skill level 4 in Unarmed Combat
  1895 | D:3      | Noticed a phantom
  1928 | D:3      | Killed a phantom
  1928 | D:3      | Reached XP level 5. HP: 25/53 MP: 4/4
  2240 | D:3      | Reached skill level 5 in Unarmed Combat
  2271 | D:3      | Found a glowing silver altar of Zin.
  2288 | D:3      | Found a stormy altar of Qazlal.
  2365 | D:3      | Reached XP level 6. HP: 61/61 MP: 5/5
  2401 | D:3      | Found an iron altar of Okawaru.
  2401 | D:3      | Found a faded altar of an unknown god.
  2406 | D:3      | Found a faded altar of an unknown god.
  2408 | D:3      | Found a faded altar of an unknown god.
  2410 | D:3      | Found a faded altar of an unknown god.
  2550 | D:3      | Learned a level 1 spell: Animate Skeleton
  2829 | D:4      | Found a white marble altar of Elyvilon.
  2862 | D:4      | Noticed kwasso's ghost (amateur FoFi)
  2874 | D:4      | Killed kwasso's ghost
  2874 | D:4      | Reached skill level 6 in Unarmed Combat
  2874 | D:4      | Reached XP level 7. HP: 31/68 MP: 6/6
  3206 | D:4      | Found a hide-covered altar of Uskayaw.
  3295 | D:5      | Entered Level 5 of the Dungeon
  3327 | D:5      | Learned a level 1 spell: Confusing Touch
  3330 | D:5      | Learned a level 2 spell: Repel Missiles
  3629 | D:5      | Reached skill level 7 in Unarmed Combat
  3654 | D:5      | Found a sparkling altar of Nemelex Xobeh.
  3783 | D:5      | Reached XP level 8. HP: 77/79 MP: 7/7
  3817 | D:5      | Found Rirr's Food Emporium.
  3999 | D:6      | Found Ehaex's Antique Armour Shoppe.
  4004 | D:6      | Bought a twisted robe for 153 gold pieces
  4014 | D:6      | Identified the +0 robe of Makhleb's Generosity {rCorr Dex+2} (You bought it in a shop on level 6 of the Dungeon)
  4079 | D:6      | Found a staircase to the Ecumenical Temple.
  4092 | D:6      | Reached skill level 5 in Dodging
  4102 | Temple   | Entered the Ecumenical Temple
  4383 | D:6      | Found a hazy altar of Hepliaklqana.
  4394 | D:6      | Got a flickering crystal amulet
  4397 | D:6      | Found a shimmering altar of Xom.
  4435 | D:6      | Reached skill level 8 in Unarmed Combat
  4581 | D:6      | Reached skill level 5 in Fighting
  4702 | D:7      | Noticed Duvessa
  4702 | D:7      | Noticed Dowan
  4787 | D:7      | Found a shadowy altar of Dithmenos.
  4809 | D:7      | Found a bloodstained altar of Trog.
  4845 | D:7      | Killed Duvessa
  4854 | D:7      | Killed Dowan
  4951 | D:7      | Reached XP level 9. HP: 71/88 MP: 8/8
  4976 | D:7      | Found a basalt altar of Yredelemnul.
  4996 | D:7      | Found a white marble altar of Elyvilon.
  5013 | D:7      | Reached skill level 9 in Unarmed Combat
  5185 | D:7      | Found a glowing golden altar of the Shining One.
  5349 | D:7      | Identified the amulet "Xufoticike" {Reflect rF++ Str+3 SH+3} (You found it on level 6 of the Dungeon)
  6141 | D:8      | Reached skill level 10 in Unarmed Combat
  7097 | D:9      | Reached XP level 10. HP: 100/100 MP: 9/9
  7473 | D:10     | Entered Level 10 of the Dungeon
  7716 | D:10     | Found Kuirghy's Antique Armour Emporium.
  7797 | D:10     | Bought a fine robe for 131 gold pieces
  7827 | D:10     | Identified the +2 robe of the Trees {Regen+} (You bought it in a shop on level 10 of the Dungeon)
  7889 | D:10     | Reached skill level 11 in Unarmed Combat
  8060 | D:10     | Found a staircase to the Orcish Mines.
  8302 | D:10     | Found a staircase to the Lair.
  8548 | D:10     | Noticed a deep troll
  8558 | D:10     | Killed a deep troll
  8564 | D:10     | Reached skill level 12 in Unarmed Combat
  8565 | D:10     | HP: 5/102 [troll (16)]
  8565 | D:10     | Slain by a troll

Skill      XL: |  1  2  3  4  5  6  7  8  9 10 |
---------------+-------------------------------+-----
Dodging        | 3 4 5 6 7 |  7.6
Unarmed Combat | 4 5 6 7 8 10 12 | 12.0
Fighting       | 3 4 5 6 7 |  7.4
Stealth        | |  1.0

Action                   |  1- 3 |  4- 6 |  7- 9 | 10-12 || total
-------------------------+-------+-------+-------+-------++-------
Melee: Unarmed           |   118 |   136 |   269 |   215 ||   738
       Punch             |       |     4 |    16 |    11 ||    31
 Cast: Animate Skeleton  |       |     2 |    13 |     8 ||    23
       Confusing Touch   |       |       |     4 |     3 ||     7
       Repel Missiles    |       |       |     2 |     1 ||     3
  Use: Scroll            |     6 |     2 |     2 |     1 ||    11
 Stab: Sleeping          |     3 |     5 |     5 |     1 ||    14
       Confused          |       |       |     1 |       ||     1
       Distracted        |       |       |       |     1 ||     1
  Eat: Chunk             |    15 |    17 |    39 |    15 ||    86
Armor: Robe              |    43 |    32 |    28 |    26 ||   129
Dodge: Dodged            |    65 |    68 |   145 |   126 ||   404
       Deflected         |       |       |     2 |       ||     2
Block: Other             |       |       |     8 |    18 ||    26
       Reflection        |       |       |     2 |       ||     2
